 Dungeon Crawl Stone Soup version 0.29.1-12-g30fa7ad0bf (webtiles) character file.

Game seed: 18216527337786766683

42 RapScallion the Covered (level 3, -4/29 HPs)
             Began as a Human Fighter on Jan 15, 2023.
             Slain by Sigmund
             ... wielding a +2 scythe of pain
              (5 damage)
             ... on level 2 of the Dungeon.
             The game lasted 00:03:14 (1082 turns).

RapScallion the Covered (Human Fighter)             Turns: 1082, Time: 00:03:14

Health: -4/29      AC:  6    Str: 18    XL:     3   Next: 80%
Magic:  3/3        EV: 10    Int:  8    God:
Gold:   86         SH:  4    Dex: 12    Spells: 2/2 levels left

rFire   + . .      SeeInvis +   a - +0 war axe
rCold   . . .      Faith    .   c - +0 buckler
rNeg    . . .      Spirit   .   h - +1 ring mail {rF+}
rPois   .          Reflect  .   (no helmet)
rElec   .          Harm     .   (no cloak)
rCorr   .          Rampage  .   (no gloves)
Will    .....                   (no boots)
Stlth   +.........              (no amulet)
HPRegen 0.09/turn               g - ring of see invisible
MPRegen 0.08/turn               (no ring)

@: no status effects
A: no striking features
a: no special abilities


You were on level 2 of the Dungeon.
You visited 1 branch of the dungeon, and saw 2 of its levels.

You collected 86 gold pieces.

Inventory:

Hand Weapons
 a - a +0 war axe (weapon)
Armour
 c - a +0 buckler (worn)
 h - a +1 ring mail of fire resistance (worn)
Jewellery
 g - a ring of see invisible (left hand)
Scrolls
 f - a scroll of magic mapping {unknown}
 k - a scroll of fog {unknown}
Potions
 b - 2 potions of resistance {unknown}
 d - a potion of might
 e - a potion of haste {unknown}
 i - a potion of ambrosia {unknown}
 j - a potion of lignification {unknown}
 l - a potion of curing {unknown}


   Skills:
 + Level 3.1 Fighting
 + Level 2.8 Axes
 + Level 3.3 Armour
 + Level 0.7 Dodging
 + Level 3.2 Shields


You had 2 spell levels left.
You didn't know any spells.
Your spell library was empty.

Dungeon Overview and Level Annotations

Branches:
Dungeon (2/15)

Altars:

Annotations:
D:2 Sigmund


Message History

You barely miss the adder. The adder bites you. x2
You are poisoned.
The adder poisons you! You block the ball python's attack.
The ball python misses you.
You closely miss the adder. You closely miss the ball python.
You feel sick. The adder barely misses you. You block the ball python's attack.
The ball python grabs you. The ball python constricts you.
The adder bites you but does no damage.
You miss the adder. You hit the ball python.
You feel sick. You block the ball python's attack.
The ball python constricts you. The adder bites you but does no damage.
The ball python bites you. The ball python constricts you.
The adder bites you but does no damage.
Sigmund gestures wildly while chanting.
Sigmund flickers and vanishes for a moment.
You slash the adder!
The adder is almost dead.
You hit the ball python.
You kill the ball python!
You feel sick.
You are no longer poisoned.
A bat comes into view.
The adder bites you but does no damage.
Sigmund hits you from afar with a +2 scythe of pain!
* * * LOW HITPOINT WARNING * * *
The adder barely misses you.
The bat moves out of view.
Unknown command.
You hit the adder.
You kill the adder!
Sigmund gestures at you while chanting. The puff of flame hits you. You resist.
* * * LOW HITPOINT WARNING * * *
A rat comes into view.
Sigmund hits you with a +2 scythe of pain.
* * * LOW HITPOINT WARNING * * *
You writhe in agony.
* * * LOW HITPOINT WARNING * * *
A worm comes into view.
You barely miss Sigmund.
Sigmund hits you with a +2 scythe of pain.
You die...

##..................
#....###....##......
#....# #....##†.....
#....# #....##......
#....# #....##......
#...## #....##......
#...# #....########
#...####....#
#..@†.#######
##.@..# #....#
#....# #....# #.r...
....... w.......


You could see Sigmund (invisible), a worm and a rat.

Vanquished Creatures
  An adder (D:2)
  3 bats
  6 endoplasms (D:1)
  A giant cockroach (D:1)
  3 goblins
  A hobgoblin (D:2)
  5 jackals
  3 quokkas
  A ball python (D:2)
  A kobold (D:1)
  3 rats (D:1)
28 creatures vanquished.

Notes
Turn   | Place    | Note
-------+----------+-------------------------------------------
     0 | D:1      | RapScallion the Human Fighter began the quest for the Orb.
     0 | D:1      | Reached XP level 1. HP: 18/18 MP: 1/1
    23 | D:1      | You fall into a shaft and drop 1 floor!
    23 | D:2      | Found a faded altar of an unknown god.
   140 | D:1      | Reached XP level 2. HP: 16/24 MP: 2/2
   650 | D:1      | Reached XP level 3. HP: 29/29 MP: 3/3
  1075 | D:2      | Noticed Sigmund
  1081 | D:2      | HP: 1/29 [Sigmund/+2 scythe of pain (1)]
  1082 | D:2      | Slain by Sigmund

Illustrated notes

Levels and vault maps discovered:
D:1:      dpeg_arrival_shelter, layout_loops_cross
D:2:      layout_basic, hellmonk_ecumenical_altar_prayer_group,
          serial_bayou_pond_e, uniq_sigmund, uniq_natasha, uniq_terence

Action                   || total
-------------------------++-------
Melee: War axe           ||    81
Armor: Scale mail        ||    12
       Ring mail         ||    42
Dodge: Dodged            ||    39
Block: Buckler           ||    21
